 Dungeon Crawl Stone Soup version 0.25.0-45-g978344163c (webtiles) character file.

Game seed: 8640622763445195869

37 Ethylacetat the Ruffian (level 3, -7/32 HPs)
             Began as a Naga Transmuter on July 11, 2020.
             Mangled by a gnoll
             ... wielding a +0 halberd
              (10 damage)
             ... on level 2 of the Dungeon.
             The game lasted 00:02:57 (1518 turns).

Ethylacetat the Ruffian (Naga Transmuter)           Turns: 1518, Time: 00:02:59

Health: -7/32      AC:  2    Str: 13    XL:     3   Next: 41%
Magic:  6/6        EV: 10    Int: 13    God:
Gold:   77         SH:  0    Dex: 11    Spells: 5/6 levels left

rFire    . . .     SeeInvis +     - Unarmed
rCold    . . .     Gourm    .   (no shield)
rNeg     . . .     Faith    .   b - +0 robe
rPois    +         Spirit   .   (no helmet)
rElec    .         Reflect  .   (no cloak)
rCorr    .         Harm     .   (no gloves)
MR       .....                  (no barding)
Stlth    +.........             (no amulet)
HPRegen  0.10/turn              (no ring)
MPRegen  0.10/turn              (no ring)

@: short of breath, very slow
A: large, see invisible, deformed body, poison resistance, slowness 2, slow
metabolism 1, spit poison 1, AC +1
a: Spit Poison


You were on level 2 of the Dungeon.
You were not hungry.

You visited 1 branch of the dungeon, and saw 2 of its levels.

You collected 77 gold pieces.

Inventory:

Missiles
 a - 53 arrows
Armour
 b - a +0 robe (worn)
Jewellery
 e - an uncursed ring of see invisible {unknown}
Scrolls
 c - 3 scrolls of remove curse {unknown}
 f - 2 scrolls of identify {unknown}
Potions
 g - a potion of degeneration {unknown}
Comestibles
 d - 2 rations


   Skills:
 + Level 1.7 Fighting
 - Level 1.5 Dodging
 + Level 3.4 Unarmed Combat
 + Level 2.3 Spellcasting
 + Level 2.4 Transmutations


You had 5 spell levels left.
You knew the following spells:

 Your Spells              Type           Power        Failure   Level  Hunger
a - Beastly Appendage     Tmut           #.....       9%          1    #......

Your spell library contained the following spells:

 Spells                   Type           Power        Failure   Level  Hunger
 Sticks to Snakes         Tmut           #.......     13%         2    ###....
 Spider Form              Tmut/Pois      #.........   41%         3    ###....
 Ice Form                 Ice/Tmut       #.......     82%         4    #####..
 Blade Hands              Tmut           #.........   94%         5    ######.


Dungeon Overview and Level Annotations

Branches:
Dungeon (2/15)

Altars:
Ashenzari


Innate Abilities, Weirdness & Mutations

You cannot wear boots.
Your serpentine skin is tough. (AC +1)
You have supernaturally acute eyesight. (SInv)
Armour fits poorly on your strangely shaped body.
Your system is resistant to poisons. (rPois)
You cover ground very slowly.
You have a slow metabolism.
You can spit poison.


Message History

You have got your breath back.
The gnoll barely misses you. The gnoll closely misses you.
Okay, then.
Press: ? - help, Shift-Dir - straight line, f/p - gnoll
Aim: a gnoll, wielding a +0 whip (lightly wounded)
The splash of poison hits the gnoll!
The gnoll is poisoned.
The gnoll is severely wounded.
You feel slightly more hungry. The gnoll hits you with a +0 halberd.
The gnoll hits you but does no damage.
You punch the gnoll!
You kill the gnoll!
The gnoll misses you.
You hit the gnoll.
The gnoll is moderately wounded.
The gnoll hits you with a +0 halberd!
The gnoll hits you from afar with a +0 halberd!
* * * LOW HITPOINT WARNING * * *
There is a stone staircase leading up, spattered with blood here.
The gnoll hits you from afar with a +0 halberd!
You die...

###.......# #.
..........+ #.
#.......# #.
#######'####.###
##
................
#######g####.###
#.........#
#.####.#.##
#@##.g..#
#.##.#..#
#g))....#
####....#
#.####....#
#.........#
######....#
#....# ###....#


You could see a gnoll.

Vanquished Creatures
  2 gnolls (D:2)
  A leopard gecko (D:2)
  A ball python (D:1)
  2 bats
  3 goblins (D:1)
  3 hobgoblins
  3 kobolds
  A frilled lizard (D:2)
16 creatures vanquished.

Notes
Turn   | Place    | Note
-------+----------+-------------------------------------------
     0 | D:1      | Ethylacetat the Naga Transmuter began the quest for the
                  | Orb.
     0 | D:1      | Reached XP level 1. HP: 18/18 MP: 3/3
   393 | D:1      | Reached XP level 2. HP: 24/25 MP: 5/5
   740 | D:1      | Found a shattered altar of Ashenzari.
  1507 | D:2      | Reached XP level 3. HP: 32/32 MP: 6/6
  1518 | D:2      | Mangled by a gnoll

Illustrated notes

Levels and vault maps discovered:
D:1:      nzn_arrival_water_spiral, layout_basic, minmay_misc_feat_room,
          evilmike_ruin_ashenzari
D:2:      layout_basic

Action                   || total
-------------------------++-------
Melee: Unarmed           ||    45
 Abil: Spit Poison       ||    19
  Eat: Chunk             ||     2
Armor: Robe              ||     2
Dodge: Dodged            ||    24
